 Dungeon Crawl Stone Soup version 0.27-a0-1321-gd358eaa319 (webtiles) character file.

Game seed: 8857857333624569182

95 EldarEldrad the Magician (level 4, 0/24 HPs)
             Began as a Deep Elf Fire Elementalist on June 22, 2021.
             Splashed by Ijyb's acid (11 damage)
             ... on level 3 of the Dungeon.
             The game lasted 00:06:51 (2451 turns).

EldarEldrad the Magician (DEFE)                     Turns: 2451, Time: 00:06:52

Health: 0/24       AC:  0    Str:  5    XL:     4   Next: 40%
Magic:  9/12       EV: 12    Int: 21    God:
Gold:   70         SH:  0    Dex: 15    Spells: 6/11 levels left

rFire    . . .     SeeInvis .   b - +0 dagger
rCold    . . .     Faith    .   (no shield)
rNeg     . . .     Spirit   .   a - +0 robe
rPois    .         Reflect  .   k - +1 helmet
rElec    .         Harm     .   (no cloak)
rCorr    .         Rampage  .   (no gloves)
Will     .....                  (no boots)
Stlth    ++........             (no amulet)
HPRegen  0.08/turn              (no ring)
MPRegen  0.13/turn              (no ring)

@: corroded
A: no striking features
a: no special abilities


You were on level 3 of the Dungeon.
You visited 1 branch of the dungeon, and saw 3 of its levels.

You collected 70 gold pieces.

Inventory:

Hand Weapons
 b - a +0 dagger (weapon)
Armour
 a - a +0 robe (worn)
 k - a +1 helmet (worn)
Scrolls
 c - a scroll of noise {unknown}
 d - 3 scrolls of fear {unknown}
 e - 2 scrolls of blinking {unknown}
 h - 3 scrolls of identify {unknown}
 i - a scroll of enchant armour {unknown}
 j - a scroll of vulnerability {unknown}
 l - a scroll of fog {unknown}
Potions
 f - a potion of haste {unknown}
 g - a potion of curing {unknown}


   Skills:
 - Level 2.4 Dodging
 - Level 2.4 Stealth
 + Level 4.1 Spellcasting
 * Level 3.4 Conjurations
 + Level 4.0 Fire Magic


You had 6 spell levels left.
You knew the following spells:

 Your Spells              Type           Power      Damage    Failure   Level
a - Foxfire               Conj/Fire      76%        2x1d7     2%          1
b - Sticky Flame          Conj/Fire      19%        2d4       26%         4

Your spell library contained the following spells:

 Spells                   Type           Power      Damage    Failure   Level
 Conjure Flame            Conj/Fire      19%        6-21      8%          3
 Corona                   Hex            4%         N/A       12%         1
 Inner Flame              Hex/Fire       12%        N/A       16%         3
 Ensorcelled Hibernation  Hex/Ice        8%         N/A       19%         2
 Dazzling Flash           Conj/Hex       22%        N/A       19%         3
 Confusing Touch          Hex            4%         N/A       34%         3
 Tukima's Dance           Hex            4%         N/A       34%         3
 Fireball                 Conj/Fire      9%         3d6       56%         5


Dungeon Overview and Level Annotations

Branches:
Dungeon (3/15)

Altars:

Annotations:
D:3 Ijyb


Message History

Found 7 poisoned darts.
You now have 70 gold pieces (gained 14).
Found an escape hatch in the ceiling.
A bat comes into view.
Found an escape hatch in the floor.
You conjure some foxfire!
You conjure some foxfire!
The foxfire hits the bat.
You kill the bat!
Your foxfire dissipates!
Your foxfire dissipates!
There is an escape hatch in the ceiling here.
Found 29 bolts.
You see here 29 bolts.
Found a stone staircase leading down.
Found a leather armour.
There is a stone staircase leading down here.
You see here a +0 leather armour.
Found a stone staircase leading up.
You open the gate.
There is an open gate here.
There is an open gate here.
Found 31 stones.
l - a scroll labelled WYDEZI URODON
Found a short sword.
Ijyb the Twisted Goblin comes into view.
She is wielding a +1 spectral club and carrying a wand of acid (7).
Ijyb shouts!
You conjure some foxfire!
You conjure some foxfire!
Unknown command.
You conjure some foxfire!
The foxfire hits Ijyb.
Ijyb is lightly wounded.
The foxfire hits Ijyb.
Ijyb is moderately wounded.
The foxfire hits Ijyb.
Ijyb is moderately wounded.
Ijyb zaps a wand.
The bolt of acid hits your foxfire!!
Your foxfire is splashed with acid!
The bolt of acid hits you!
Ouch! That really hurt!
The acid corrodes you!
You are splashed with acid!
You die...

#..........#
####.#######
#......#
######.# #.#
#.# ###.#####
.
#...v§§.#....
#.#.#@§§§g)..
#.#.#v#.#...#
# #.#.# # ##
#.... ....# #
#...# . #...#
# #...#


You could see Ijyb (ally target).

Vanquished Creatures
  3 adders
  An adder skeleton (D:2)
  3 dart slugs (D:1)
  7 ball pythons
  6 bats
  4 endoplasms
  A giant cockroach (D:2)
  7 goblins
  3 hobgoblins
  8 jackals (D:2)
  A quokka (D:2)
  3 frilled lizards
  6 kobolds
  3 rats
56 creatures vanquished.

Vanquished Creatures (others)
  148 foxfires
148 creatures vanquished.

Grand Total: 204 creatures vanquished

Notes
Turn   | Place    | Note
-------+----------+-------------------------------------------
     0 | D:1      | EldarEldrad the Deep Elf Fire Elementalist began the quest
                  | for the Orb.
     0 | D:1      | Reached XP level 1. HP: 10/10 MP: 6/6
   249 | D:1      | Reached XP level 2. HP: 15/15 MP: 5/8
   699 | D:1      | Reached XP level 3. HP: 19/19 MP: 8/10
  1739 | D:2      | Found a faded altar of an unknown god.
  1758 | D:2      | Reached XP level 4. HP: 24/24 MP: 9/12
  1763 | D:2      | Learned a level 4 spell: Sticky Flame
  2448 | D:3      | Noticed Ijyb
  2451 | D:3      | Splashed by Ijyb's acid

Illustrated notes

Levels and vault maps discovered:
D:1:      giann_forest_graveyard, layout_basic, hangedman_glass_teeth
D:2:      layout_basic, chequers_ecumenical_altar_simple_redux,
          kennysheep_cross_bottleneck
D:3:      layout_loops_ring, kennysheep_cluttered_room, palyth_stone_intersect,
          uniq_ijyb

Skill      XL: |  1  2  3  4 |
---------------+-------------+-----
Conjurations   | 2 3 |  3.4
Spellcasting   | 4 |  4.1
Fire Magic     | 4 |  4.0
Dodging        | |  2.4
Stealth        | |  2.4

Action                   |  1- 3 |  4- 6 || total
-------------------------+-------+-------++-------
Melee: Dagger            |    13 |       ||    13
 Cast: Foxfire           |    76 |    14 ||    90
Armor: Robe              |     5 |       ||     5
Dodge: Dodged            |    12 |       ||    12

Table legend: (Time is in decaauts)
 A = Elapsed time spent in this place.
 B = Non-inter-level travel time spent in this place.
 C = Inter-level travel time spent in this place.
 D = Time resting spent in this place.
 E = Time spent auto-exploring this place.
 F = Levels seen in this place.
 G = Mean time per level.
                   A        B        C        D        E       F      G
               +--------+--------+--------+--------+--------+-----+--------+
         Total |   2450 |   2399 |     51 |      0 |   2068 |   3 |  816.7 |
       Dungeon |   2450 |   2399 |     51 |      0 |   2068 |   3 |  816.7 |
               +--------+--------+--------+--------+--------+-----+--------+

Top non-repeatable levels by time:
     D:1: 1067 daAuts
     D:2: 991 daAuts
     D:3: 390 daAuts
